 Dungeon Crawl Stone Soup version 0.29.1-1-gd02db6906a (webtiles) character file.

Game seed: 11710865929686164149

11 Hadkhar the Firebug (level 2, 0/22 HPs)
             Began as a Hill Orc Fire Elementalist on Sept 27, 2022.
             Slain by a kobold
             ... wielding a +0 short sword
              (4 damage)
             ... on level 1 of the Dungeon.
             The game lasted 00:02:49 (580 turns).

Hadkhar the Firebug (Hill Orc Fire Elementalist)     Turns: 580, Time: 00:02:49

Health: 0/22       AC:  2    Str: 10    XL:     2   Next: 25%
Magic:  3/4        EV: 12    Int: 15    God:
Gold:   18         SH:  0    Dex: 11    Spells: 3/4 levels left

rFire   . . .      SeeInvis .   d - +0 hand axe
rCold   . . .      Faith    .   (no shield)
rNeg    . . .      Spirit   .   a - +0 robe
rPois   .          Reflect  .   (no helmet)
rElec   .          Harm     .   (no cloak)
rCorr   .          Rampage  .   (no gloves)
Will    .....                   (no boots)
Stlth   ++........              (no amulet)
HPRegen 0.07/turn               (no ring)
MPRegen 0.09/turn               (no ring)

@: no status effects
A: no striking features
a: no special abilities


You were on level 1 of the Dungeon.
You visited 1 branch of the dungeon, and saw 1 of its levels.

You collected 18 gold pieces.

Inventory:

Hand Weapons
 d - a +0 hand axe (weapon)
Armour
 a - a +0 robe (worn)
Scrolls
 c - 2 scrolls of identify {unknown}
 e - a scroll of teleportation {unknown}
Potions
 b - a potion of magic


   Skills:
 + Level 0.5 Fighting
 + Level 0.5 Axes
 - Level 1.6 Dodging
 - Level 1.6 Stealth
 + Level 1.7 Spellcasting
 + Level 1.3 Conjurations
 + Level 3.4 Fire Magic


You had 3 spell levels left.
You knew the following spells:

 Your Spells              Type           Power      Damage    Failure   Level
a - Foxfire               Conj/Fire      32%        2x1d5     9%          1

Your spell library contained the following spells:

 Spells                   Type           Power      Damage    Failure   Level
 Scorch                   Fire           22%        2d6       9%          2
 Magic Dart               Conj           20%        1d4       14%         1
 Conjure Flame            Conj/Fire      8%         6-21      26%         3
 Call Imp                 Summ           1%         N/A       34%         2
 Inner Flame              Hex/Fire       6%         N/A       34%         3
 Mephitic Cloud           Conj/Pois/Air  2%         N/A       50%         3
 Flame Wave               Conj/Fire      8%         2d5       65%         4


Dungeon Overview and Level Annotations

Branches:
Dungeon (1/15)

Altars:


Message History

The quokka completely misses you. The quokka barely misses you.
You hit the quokka.
You kill the quokka!
You see here a quokka corpse.
e - a scroll labelled KOCEAS GOEDOCE
Found a stone staircase leading down.
Found a hand axe.
A ball python comes into view.
The ball python hisses angrily.
You see here a +0 hand axe.
You hit the ball python.
You kill the ball python!
A kobold comes into view. It is wielding a +0 short sword.
The kobold shouts!
The kobold throws a stone.
The stone hits you but does no damage. The kobold misses you.
The kobold hits you with a +0 short sword.
The kobold hits you with a +0 short sword.
The kobold closely misses you.
You hit the kobold but do no damage.
The kobold hits you with a +0 short sword.
You closely miss the kobold.
The kobold hits you with a +0 short sword.
You hit the kobold but do no damage.
The kobold hits you with a +0 short sword.
You hit the kobold.
The kobold is moderately wounded.
The kobold hits you with a +0 short sword. x2
You closely miss the kobold.
The kobold is moderately wounded.
The kobold closely misses you.
You miss the kobold.
The kobold is moderately wounded.
The kobold hits you with a +0 short sword.
* * * LOW HITPOINT WARNING * * *
Casting: Foxfire (safe; 9% risk of failure)
Press: ? - help, Q - select action Dir - look around, f - activate You conjure some foxfire!
The kobold hits you with a +0 short sword.
You die...

......†...............#
........##+#..........#
......................#
......................#
...................####
...................#
.................###
................v##
........K@.#
#.......v..#
#..........#
#..........#
#......###.# #......
... ###+##. .... #.
..... ## .....


You could see a kobold (ally target).

Vanquished Creatures
  3 ball pythons (D:1)
  An endoplasm (D:1)
  A giant cockroach (D:1)
  A hobgoblin (D:1)
  A quokka (D:1)
  3 rats (D:1)
10 creatures vanquished.

Vanquished Creatures (others)
  9 foxfires (D:1)
9 creatures vanquished.

Grand Total: 19 creatures vanquished

Notes
Turn   | Place    | Note
-------+----------+-------------------------------------------
     0 | D:1      | Hadkhar the Hill Orc Fire Elementalist began the quest for
                  | the Orb.
     0 | D:1      | Reached XP level 1. HP: 14/14 MP: 3/3
   415 | D:1      | Reached XP level 2. HP: 22/22 MP: 2/4
   580 | D:1      | Slain by a kobold

Illustrated notes

Levels and vault maps discovered:
D:1:      minmay_arrival_doors, layout_basic

Action                   || total
-------------------------++-------
Melee: Hand axe          ||    22
 Cast: Foxfire           ||     6
Armor: Robe              ||     4
Dodge: Dodged            ||    16
